 Dungeon Crawl Stone Soup version 0.29-a0-551-gffc1d7fb78 (webtiles) character file.

Game seed: 17379672110135701998

4 ytrimaz the Grave Robber (level 1, -1/13 HPs)
             Began as a Demonspawn Necromancer on June 6, 2022.
             Slain by a jackal (2 damage)
             ... on level 1 of the Dungeon.
             The game lasted 00:00:20 (116 turns).

ytrimaz the Grave Robber (Demonspawn Necromancer)    Turns: 116, Time: 00:00:21

Health: -1/13      AC:  2    Str:  8    XL:     1   Next: 50%
Magic:  0/3        EV: 12    Int: 16    God:
Gold:   0          SH:  0    Dex: 13    Spells: 3/4 levels left

rFire   . . .      SeeInvis .   (no weapon)
rCold   . . .      Faith    .   (no shield)
rNeg    . . .      Spirit   .   a - +0 robe
rPois   .          Reflect  .   (no helmet)
rElec   .          Harm     .   (no cloak)
rCorr   .          Rampage  .   (no gloves)
Will    .....                   (no boots)
Stlth   ++........              (no amulet)
HPRegen 0.04/turn               (no ring)
MPRegen 0.08/turn               (no ring)

@: very slightly contaminated
A: no striking features
a: no special abilities


You were on level 1 of the Dungeon.
You visited 1 branch of the dungeon, and saw 1 of its levels.

Inventory:

Armour
 a - a +0 robe (worn)
Potions
 b - a potion of magic
 c - a potion of degeneration {unknown}


   Skills:
 - Level 1.7 Dodging
 - Level 1.7 Stealth
 + Level 2.0 Spellcasting
 + Level 4.6 Necromancy


You had 3 spell levels left.
You knew the following spells:

 Your Spells              Type           Power      Damage    Failure   Level
a - Necrotize             Necr           64%        1d7       3%          1

Your spell library contained the following spells:

 Spells                   Type           Power      Damage    Failure   Level
 Vampiric Draining        Necr           16%        2d7       10%         3
 Animate Dead             Necr           16%        N/A       30%         4
 Agony                    Necr           16%        N/A       65%         5


Dungeon Overview and Level Annotations

Branches:
Dungeon (1/15)

Altars:


Message History

Your jackal skeleton crumbles into dust!
Aiming: Necrotize (safe; 3% risk of failure)
Press: ? - help, Q - select action Shift-Dir - straight line, f/p - jackal
Aim: a jackal (heavily wounded, chance to affect: 86%)
The jackal writhes in agony.
You kill the jackal!
The dead are walking!
The jackal attacks as you move away! The jackal bites you.
* * * LOW HITPOINT WARNING * * *
The jackal bites you.
* * * LOW HITPOINT WARNING * * *
The jackal attacks as you move away! The jackal bites you.
* * * LOW HITPOINT WARNING * * *
The jackal closely misses you. The jackal attacks as you move away!
The jackal barely misses you. The jackal attacks as you move away!
The jackal barely misses you. The jackal closely misses you.
Your jackal skeleton barely misses the jackal.
The jackal closely misses you.
Aiming: Necrotize (safe; 3% risk of failure)
Press: ? - help, Q - select action Shift-Dir - straight line, f - jackal
Aim: a jackal (ally target, chance to affect: 86%)
You miscast Necrotize.
You are very lightly contaminated with residual magic.
Nothing appears to happen.
The jackal bites you but does no damage.
Your jackal skeleton misses the jackal.
The jackal attacks as you move away! The jackal barely misses you.
The jackal closely misses you.
You barely miss the jackal.
Your jackal skeleton bites the jackal.
The jackal bites you but does no damage.
You closely miss the jackal.
The jackal is lightly wounded.
Your jackal skeleton bites the jackal.
The jackal closely misses you.
Your jackal skeleton closely misses the jackal.
The jackal closely misses you.
You barely miss the jackal.
The jackal is moderately wounded.
The jackal bites you.
You die...

######
##########....#
#...##........####
..###...#####.Zh.####
.....####...####@...#
##+###.........###..#
+.'......<......#.##
##'###.........###.##
.....####...####....#
.#......#####.......#
..#.................#
............###...#.#
###..######## #####.#


You could see a jackal (ally target) and a friendly jackal skeleton.

Vanquished Creatures
  2 jackals (D:1)
2 creatures vanquished.

Vanquished Creatures (collateral kills)
  A jackal (D:1)
1 creature vanquished.

Grand Total: 3 creatures vanquished

Notes
Turn   | Place    | Note
-------+----------+-------------------------------------------
     0 | D:1      | ytrimaz the Demonspawn Necromancer began the quest for the
                  | Orb.
     0 | D:1      | Reached XP level 1. HP: 13/13 MP: 3/3
   116 | D:1      | Slain by a jackal

Illustrated notes

Levels and vault maps discovered:
D:1:      elethiomel_arrival_infinity_welcomes_careful_drivers, layout_basic,
          shapermc_ecumenical_altar_mp_vishouse, grunt_decor_fettered

Action                   || total
-------------------------++-------
Melee: Unarmed           ||     6
 Cast: Necrotize         ||     5
Armor: Robe              ||     5
Dodge: Dodged            ||    26

Table legend: (Time is in decaauts)
 A = Elapsed time spent in this place.
 B = Non-inter-level travel time spent in this place.
 C = Inter-level travel time spent in this place.
 D = Time resting spent in this place.
 E = Time spent auto-exploring this place.
 F = Levels seen in this place.
 G = Mean time per level.
                   A        B        C        D        E       F      G
               +--------+--------+--------+--------+--------+-----+--------+
         Total |    116 |    116 |      0 |      0 |     67 |   1 |  116.0 |
       Dungeon |    116 |    116 |      0 |      0 |     67 |   1 |  116.0 |
               +--------+--------+--------+--------+--------+-----+--------+

Top non-repeatable levels by time:
     D:1: 116 daAuts
